 Dungeon Crawl Stone Soup version 0.17.1-1-g73c8601 (console) character file.

282 Kloppie the Skirmisher (level 6, -15/56 HPs)
             Began as a Minotaur Fighter on Dec 28, 2015.
             Was an Initiate of the Shining One.
             Demolished by an ogre
             ... wielding a +0 giant club
              (17 damage)
             ... on level 3 of the Dungeon.
             The game lasted 00:04:57 (2445 turns).

Kloppie the Skirmisher (Minotaur Fighter)           Turns: 2445, Time: 00:04:57

Health: -15/56     AC:  8    Str: 21    XL:     6   Next: 6%
Magic:  5/5        EV:  7    Int:  5    God:    the Shining One [......]
Gold:   99         SH: 10    Dex: 11    Spells: 0 memorised, 5 levels left

rFire  . . .     SeeInvis .     a - +0 long sword
rCold  . . .     Clarity  .     b - +0 scale mail
rNeg   . . .     SustAt   .     c - +0 shield
rPois  .         Gourm    .     (helmet restricted)
rElec  .         Spirit   .     o - +0 cloak
rCorr  .         Warding  .     (no gloves)
rMut   .         Stasis   .     (no boots)
MR     .....                    (no amulet)
Stlth  ..........               (no ring)
                                (no ring)

@: not resistant to hostile enchantments, extremely unstealthy
A: retaliatory headbutt, horns 2
a: Renounce Religion


You were on level 3 of the Dungeon.
You worshipped the Shining One.
The Shining One was noncommittal.
You were not hungry.

You visited 1 branch of the dungeon, and saw 4 of its levels.

You collected 99 gold pieces.

Inventory:

Hand Weapons
 a - a +0 long sword (weapon)
Armour
 b - a +0 scale mail (worn)
 c - a +0 shield (worn)
 k - a +0 pair of gloves
 o - a +0 cloak (worn)
Scrolls
 h - 3 scrolls of identify {unknown}
 i - 2 scrolls of remove curse {unknown}
 m - a scroll of random uselessness {unknown}
 n - a scroll of immolation {unknown}
Potions
 d - a potion of lignification {unknown}
 g - a potion of haste {unknown}
 j - a potion of curing {unknown}
 p - a potion of flight {unknown}
Comestibles
 e - 2 bread rations
 f - 3 meat rations


   Skills:
 + Level 5.2 Fighting
 + Level 4.3 Long Blades
 + Level 4.8 Armour
 + Level 5.2 Shields


You had 5 spell levels left.
You didn't know any spells.

Dungeon Overview and Level Annotations

Branches:
Dungeon (4/15)
 Temple: D:4-7

Altars:
Makhleb
The Shining One

Annotations:
D:3 Gargoyl's ghost, amateur DsAK


Innate Abilities, Weirdness & Mutations

You reflexively headbutt those who attack you in melee.
You have a pair of horns on your head.


Message History

* * * LOW HITPOINT WARNING * * *
You hit the ogre. You headbutt the ogre.
The ogre is moderately wounded.
There is an open door here.
There is a stone staircase leading up here.
You block the ogre's attack.
You climb upwards.
Level annotation: Gargoyl's ghost, amateur DsAK A bat comes into view.
There is a stone staircase leading down here.
You hit the ogre but do no damage.
The ogre is moderately wounded.
The bat completely misses you. You furiously retaliate!
You headbutt the bat.
You kill the bat!
The ogre hits you with a giant club!!
* * * LOW HITPOINT WARNING * * *
You hit the ogre. You headbutt the ogre.
The ogre is heavily wounded.
The ogre hits you with a giant club!
You die...

.###
#..#.......#
###⌠ .#
#<.#.......#.##
## .##
#..........#..
...
...#..........
##. ..
####.####.# #
....# .#
....####.#
#......# #†@#
#.O# #..# ####


You could see an ogre.

Vanquished Creatures
  An ice beast (D:3)
  9 adders
  3 gnolls
  2 oozes (D:1)
  2 worms (D:2)
  3 giant geckos
  An orc (D:3)
  A ball python (D:3)
  3 giant cockroaches
  6 goblins
  A hobgoblin (D:2)
  7 jackals (D:2)
  9 kobolds
  A quokka (D:3)
  9 bats
  3 giant newts
  6 rats
67 creatures vanquished.

Notes
Turn   | Place    | Note
--------------------------------------------------------------
     0 | D:1      | Kloppie the Minotaur Fighter began the quest for the Orb.
     0 | D:1      | Reached XP level 1. HP: 19/19 MP: 0/0
   327 | D:1      | Reached XP level 2. HP: 27/27 MP: 1/1
   476 | D:1      | Reached skill level 4 in Fighting
   859 | D:2      | Reached XP level 3. HP: 25/33 MP: 2/2
  1059 | D:2      | Reached XP level 4. HP: 38/40 MP: 3/3
  1082 | D:2      | Found a glowing golden altar of the Shining One.
  1087 | D:2      | Became a worshipper of the Shining One
  1979 | D:2      | Reached XP level 5. HP: 41/47 MP: 4/4
  2035 | D:3      | Reached skill level 5 in Shields
  2046 | D:3      | Noticed Gargoyl's ghost (amateur DsAK)
  2088 | D:3      | Reached skill level 5 in Fighting
  2090 | D:3      | Noticed an ice beast
  2230 | D:3      | Found a burning altar of Makhleb.
  2296 | D:3      | Killed an ice beast
  2296 | D:3      | Reached XP level 6. HP: 38/56 MP: 5/5
  2444 | D:3      | HP: 2/56 [ogre/giant club (18)]
  2445 | D:3      | Demolished by an ogre

Action                   |  1- 3 |  4- 6 || total
-------------------------+-------+-------++-------
Melee: Long sword        |   108 |   110 ||   218
  Use: Potion            |     2 |       ||     2
  Eat: Chunk             |     1 |       ||     1
       Meat ration       |       |     1 ||     1
